[Event "GrandPrix_29.05"]
[Site "Chess.com"]
[Date "2020.05.29"]
[Round "2"]
[White "larrylarsen"]
[Black "am00ss00"]
[Result "0-1"]
[WhiteElo "1191"]
[BlackElo "2112"]
[TimeControl "600+2"]
[EndTime "9:58:15 PDT"]
[Termination "am00ss00 won by checkmate"]

1. d4 d5 2. c4 e6 3. Nf3 c6 4. Qc2 f5 5. g3 Nf6 6. Bg2 Bd6 7.
O-O O-O 8. b3 Nbd7 9. Ba3 Bxa3 10. Nxa3 Qe7 11. Qb2 a5 12. Nc2 b6 13. Nce1 Ba6 14.
Rc1 Rfc8 15. Nd3 Ra7 16. Rfd1 Rac7 17. Nfe5 Nxe5 18. Nxe5 Nd7 19. e3 Nxe5 20. dxe5 h6 21. Rd2 a4 22. Rcd1 Qb4 23. Rc1 b5 24. Bf1 a3 25.
Qc2 bxc4 26. bxc4 dxc4 27. Rd4 Qb2 28. Bxc4 Bxc4 29. Qxc4 Kh7 30. Rc2 Qa1+ 31. Kg2 c5 32. Rd6 Qxe5 33. Rxe6 Qa1 34. Rd2 Qb1 35. Rd5 Qb7 36.
Rd6 Qb4 37. Qd3 Qe4+ 38. f3 Qxd3 39. Rxd3 Rb7 40. Rxa3 Rb2+ 41. Kh3 c4 42. Rc3 Rxa2 43. Rd4 Rb8 44. g4 fxg4+ 45. fxg4 Rbb2 46. Rdxc4 Rxh2+ 47. Kg3 Rag2+ 48. Kf3 Rf2+ 49. Kg3 Rhg2+ 50. Kh3 Rg1 51. Re4 Rf3+ 52. Kh2 Rfg3 53. Rc7 R1g2+ 54. Kh1 Rxg4 55. Ree7 Rg5 56. Re4 Kg6 57. Rc6+ Kh5 58. Rc7 Rg1+ 59. Kh2 R1g4 60. Ree7 Rh4# 0-1

[Event "GrandPrix_29.05"]
[Site "Chess.com"]
[Date "2020.05.29"]
[Round "2"]
[White "VerdeNotte"]
[Black "Meri-Arabidze"]
[Result "1-0"]
[WhiteElo "2604"]
[BlackElo "2131"]
[TimeControl "600+2"]
[EndTime "9:58:16 PDT"]
[Termination "VerdeNotte won on time"]

1. e4 c5 2. Nc3 e6 3. Nf3 a6 4. g3 d5 5. exd5 exd5 6. d4 Nf6 7. Bg2 cxd4 8. Nxd4 Be7 9. O-O O-O 10. Qd3 Nc6 11. Bf4 Nxd4 12. Qxd4 Be6 13. Rad1 Rc8 14. Nxd5 Nxd5 15.
Bxd5 Bxd5 16. Qxd5 Qxd5 17. Rxd5 Rxc2 18. Rd7 Bf6 19.
Rxb7 Bxb2 20. Ra7 Bd4 21. Rxa6 h5 22. a4 Ra2 23. a5 Re8 24. Rd6 Bc5 25. Rd5 Rxa5 26.
Rfd1 Bb6 27. Rxa5 Bxa5 28. Rd5 Bb6 29. Rb5 Bd4 30. Rd5 Bb6 31. Rxh5 Re1+ 32. Kg2 Re2 33. h4 Rxf2+ 34. Kh3 Bd4 35. Ra5 Bf6 36. Ra8+ Kh7 37. Rf8 Kg6 38. Kg4 Rh2 39. Rh8 Bc3 40. h5+ Kf6 41. Re8 g6 42. h6 Rh5 43. Re2 Bd4 44. Re1 Bc3 45. Re8 Bd4 46. Bd2 Bb2 47. Be3 Bc3 48.
Kf3 Rh1 49. Ke4 g5 50. Rc8 Bb2 51. Rc6+ Ke7 52. Bxg5+ Kd7 53. Rb6 Bc1 54. Bxc1 Rxc1 55. Ke5 Ke7 56. Rb7+ Kf8 57. Rb8+ Ke7 58. h7 1-0

[Event "GrandPrix_29.05"]
[Site "Chess.com"]
[Date "2020.05.29"]
[Round "2"]
[White "PeshkaTheGreat"]
[Black "VojtechPlat"]
[Result "1/2-1/2"]
[WhiteElo "2244"]
[BlackElo "2481"]
[TimeControl "600+2"]
[EndTime "9:58:27 PDT"]
[Termination "Game drawn by repetition"]

1. e4 d6 2. d4 Nf6 3. Nc3 e5 4. Nge2 exd4 5. Nxd4 Be7 6. Be2 O-O 7. Be3 Nc6 8. O-O Re8 9. f4 Bf8 10. Bf3 Bd7 11. a3 Na5 12. Qd3 c5 13. Nde2 Ng4 14. Bd2 b5 15. Be1 Nc4 16. Bxg4 Bxg4 17. b3 Nb6 18.
Qxb5 d5 19. e5 d4 20. Ne4 d3 21. N2g3 dxc2 22. h3 Bd1 23. Bf2 c4 24. Nc3 Bxa3 25.
Rfxd1 cxd1=Q+ 26. Rxd1 Qh4 27. Nge2 Qe7 28. bxc4 Rec8 29.
Nd5 Nxd5 30. cxd5 Bc5 31. d6 Bxf2+ 32. Kxf2 Qe6 33. Nd4 Qh6 34. Ne2 g5 35. f5 Qh4+ 36. Kg1 Qe4 37. Ng3 Qf4 38. Nh5 Qxf5 39. Nf6+ Kg7 40. d7 Rd8 41. Qd5 a5 42. Rf1 Qg6 43. Ne8+ Rxe8 44. dxe8=Q Rxe8 45. Qxa5 Qe6 46. Re1 Qf5 47.
Qd2 Re6 48. Qe3 h6 49. Kh2 Kg6 50. Re2 Qf4+ 51. Qxf4 gxf4 52. Kg1 Kf5 53. Kf2 Rxe5 54. Ra2 Rb5 55. Rc2 f6 56. Ra2 Kg5 57. Rc2 h5 58. Ra2 h4 59. Rc2 Rb3 60. Ra2 Rg3 61.
Ra8 f3 62. gxf3 Rxh3 63. Rg8+ Kf4 64. Rg4+ Kf5 65. Kg2 Rg3+ 66. Rxg3 hxg3 67. Kxg3 Kg5 68. f4+ Kf5 69. Kf3 Ke6 70. Ke4 f5+ 71. Kd4 Kd6 72. Kc4 Kc6 73. Kd4 Kd6 74. Kc4 Kc6 75. Kd4 Kd6 1/2-1/2

[Event "GrandPrix_29.05"]
[Site "Chess.com"]
[Date "2020.05.29"]
[Round "2"]
[White "AliKa2810"]
[Black "Pash2015"]
[Result "1-0"]
[WhiteElo "2262"]
[BlackElo "2178"]
[TimeControl "600+2"]
[EndTime "9:58:27 PDT"]
[Termination "AliKa2810 won by resignation"]

1. d4 d5 2. c4 e6 3. Nc3 Nf6 4. cxd5 Nxd5 5. e4 Nxc3 6. bxc3 c5 7. Rb1 cxd4 8. cxd4 Be7 9. Nf3 O-O 10. Bd3 b6 11.
O-O Bb7 12. Re1 Nc6 13. Bb2 Nb4 14. Bc4 Rc8 15. Rc1 Ba6 16. Bxa6 Nxa6 17. a3 Qd7 18.
Qe2 Qa4 19. h4 h6 20. h5 Rfd8 21. g3 Qa5 22. Ne5 Qa4 23. Qf3 Bf6 24. Nxf7 Rxc1 25. Rxc1 Rf8 26. e5 Bg5 27. Rc3 Qd7 28. Qe2 Qxf7 29. f4 Nc7 30. fxg5 Nd5 31. Rc1 hxg5 32. Rf1 Qe8 33. Bc1 Rxf1+ 34. Kxf1 Qa4 35. Qg4 Qc4+ 36. Kg2 Qc2+ 37. Kh3 Nf4+ 38. Bxf4 gxf4 39. Qxe6+ Kf8 40. gxf4 Qd3+ 41. Kg4 Qd1+ 42. Kg5 Qg1+ 43. Qg4 Qxd4 44. Qc8+ Kf7 45. Qb7+ Kg8 46. Qxa7 Qg1+ 47. Kf5 Qb1+ 48. Ke6 Qb3+ 49. Kd6 Kh7 50. e6 Qd3+ 51. Kc7 Qc4+ 52. Kd7 Qd5+ 53. Ke7 Qc5+ 54. Kf7 Qf5+ 55. Ke7 Qc5+ 56.
Ke8 Qxh5+ 57. Kd8 Qd5+ 58. Qd7 Qa8+ 59. Kc7 Qa7+ 60. Kc6 Qa8+ 61. Kxb6 Qxa3 62. e7 Qb4+ 63. Kc7 Qxf4+ 64. Qd6 Qc4+ 65. Kd8 Qh4 66. Qd3+ Kh8 67.
Qd5 Qf6 68. Kd7 1-0

[Event "GrandPrix_29.05"]
[Site "Chess.com"]
[Date "2020.05.29"]
[Round "2"]
[White "Angry_Twin"]
[Black "Andrei_Belozerov"]
[Result "0-1"]
[WhiteElo "2308"]
[BlackElo "2465"]
[TimeControl "600+2"]
[EndTime "9:58:28 PDT"]
[Termination "Andrei_Belozerov won by resignation"]

1. e4 c5 2. Nf3 d6 3. d4 cxd4 4. Nxd4 Nf6 5. Nc3 a6 6. Be3 e5 7. Nb3 Be6 8. f3 h5 9. Qd2 Nbd7 10. Nd5 Bxd5 11. exd5 g6 12. O-O-O Nb6 13. Kb1 Nbxd5 14. Bg5 Be7 15. c4 Nf4 16. Bxf4 exf4 17. Qxf4 O-O 18.
Bd3 Re8 19. g4 Bf8 20. g5 Nd7 21. Be4 Qc7 22. Rc1 Re5 23. Rhd1 Rae8 24. h4 Bg7 25. Qd2 R5e6 26. Qd5 Nc5 27. Nxc5 dxc5 28. Rc2 Rb6 29. Qd7 Qe5 30. Rdd2 Rb4 31. a3 Rb3 32. Ka2 Re3 33.
Qxb7 Rb8 34. Qd5 Reb3 35. Qxe5 Bxe5 36. Rd8+ Rxd8 37. Kxb3 Rb8+ 38. Ka2 a5 39. Re2 Bg3 40. Bd5 Kf8 41. f4 Bxh4 42. Rg2 Be1 43. f5 gxf5 44. g6 h4 45. gxf7 Bg3 46. Re2 h3 47. Re3 f4 48.
Re6 Rd8 49. Rh6 Rxd5 50. cxd5 h2 51. d6 Kxf7 52. Rh7+ Ke8 53. Kb3 f3 54. Kc4 f2 55.
Kd5 f1=Q 56. Rh8+ Kd7 57. Rh7+ Kc8 58. Rh8+ Kb7 59. Rh7+ Kb6 60. Ke6 h1=Q 61. Rxh1 Qxh1 62. d7 Qc6+ 63. Ke7 Bh4+ 0-1

[Event "GrandPrix_29.05"]
[Site "Chess.com"]
[Date "2020.05.29"]
[Round "2"]
[White "gross-aleks"]
[Black "SacrificeGod"]
[Result "0-1"]
[WhiteElo "2071"]
[BlackElo "2324"]
[TimeControl "600+2"]
[EndTime "9:58:29 PDT"]
[Termination "SacrificeGod won by resignation"]

1. c4 e5 2. g3 Nc6 3. Bg2 g6 4. Nc3 Bg7 5. Rb1 d6 6. b4 f5 7.
b5 Nce7 8. a4 Rb8 9. a5 Nf6 10. d3 O-O 11. Nf3 h6 12. O-O g5 13.
Nd2 f4 14. Nde4 b6 15. Nxf6+ Bxf6 16. axb6 axb6 17. e3 g4 18. f3 fxg3 19. hxg3 gxf3 20. Qxf3 Bg7 21. Qh5 Rxf1+ 22. Bxf1 Nf5 23. Kh2 Be6 24. Bg2 Qd7 25. Nd5 Rf8 26. e4 Nd4 27. Bxh6 Bxd5 28. exd5 Rf2 29. Kg1 Rf5 30. Qg6 Ne2+ 31.
Kh2 Rf6 32. Qxg7+ Qxg7 33. Bxg7 Kxg7 34. Re1 Nd4 35. Re3 Nc2 36. Re2 Nb4 37. Be4 Rf1 38.
Kg2 Rb1 39. Kf3 Rb3 40. Rh2 Nxd3 41. Kg4 Nc5 42. Bf5 Rc3 43. Kg5 Rxg3+ 44. Kh4 Rf3 45. Kg5 Rg3+ 46. Kh4 Rf3 47. Kg4 Rf4+ 48. Kg5 Ne4+ 49. Bxe4 Rxe4 50. Kf5 Rf4+ 51. Ke6 Rxc4 52. Rg2+ Kh6 53. Rf2 e4 54. Kf6 Kh5 55. Kf5 Kh6 56.
Kf6 Kh5 57. Kf5 e3 58. Re2 Kh4 59. Rxe3 Rc5 60. Ke6 Rxb5 61. Rc3 Rc5 62. Rxc5 bxc5 63.
Kd7 c4 64. Kxc7 c3 65. Kxd6 c2 66. Ke7 c1=Q 67. d6 Qg5+ 0-1

[Event "GrandPrix_29.05"]
[Site "Chess.com"]
[Date "2020.05.29"]
[Round "2"]
[White "yamalchess"]
[Black "MilanovicDan"]
[Result "1-0"]
[WhiteElo "2407"]
[BlackElo "2464"]
[TimeControl "600+2"]
[EndTime "9:58:31 PDT"]
[Termination "yamalchess won by resignation"]

1. d4 Nf6 2. c4 c5 3. d5 b5 4.
cxb5 a6 5. bxa6 g6 6. g3 Bg7 7.
Nh3 d6 8. Nf4 O-O 9. h4 h6 10. Bg2 Nbd7 11. Bd2 Rxa6 12. Bc3 Bb7 13. Nd2 Nb6 14. e4 Na4 15. O-O Nxc3 16. bxc3 Nd7 17.
Qc2 Ra3 18. Qb2 Qa8 19. Rfc1 Rb8 20. Nb1 Ra4 21. Qc2 Qa5 22. Nd3 Ra8 23. a3 Qc7 24. Nb2 R4a7 25. a4 c4 26. Na3 Ba6 27. Bf1 Ne5 28.
Be2 Rb8 29. Nb5 Bxb5 30. axb5 Rxa1 31. Rxa1 Rxb5 32. h5 g5 33. Ra8+ Bf8 34. Ra4 Rc5 35. Qb1 Rb5 36. Qa2 g4 37. Nxc4 Nf3+ 38. Kg2 Rb7 39.
Bxf3 gxf3+ 40. Kxf3 Qd7 41. g4 Rc7 42. Qb3 e6 43.
Ne3 Kg7 44. c4 Be7 45. Rb4 Bf6 46. Rb8 Ra7 47. Qb5 Qe7 48. Qe8 Qxe8 49. Rxe8 Be7 50. Ke2 Kf6 51. f4 Kg7 52. Kf3 Rb7 53. e5 dxe5 54. fxe5 Bg5 55. Nf5+ exf5 56. gxf5 Rb4 57. f6+ Kh7 58. Rf8 Rxc4 59. Rxf7+ Kg8 60. Rg7+ Kf8 61. d6 Rf4+ 62. Kg2 Rd4 63. d7 Rd3 64. e6 Bxf6 65.
Rf7+ 1-0

[Event "GrandPrix_29.05"]
[Site "Chess.com"]
[Date "2020.05.29"]
[Round "2"]
[White "VincentKeymer"]
[Black "klimkoj"]
[Result "1-0"]
[WhiteElo "2563"]
[BlackElo "2091"]
[TimeControl "600+2"]
[EndTime "9:58:33 PDT"]
[Termination "VincentKeymer won by resignation"]

1. Nf3 Nf6 2. c4 g6 3. g3 Bg7 4.
Bg2 O-O 5. O-O d6 6. d4 Nc6 7.
Nc3 a6 8. b3 Bg4 9. Bb2 Nd7 10. e3 e5 11. d5 Ne7 12. h3 Bxf3 13. Bxf3 f5 14. e4 Nf6 15. Qd3 Qd7 16. Bg2 f4 17. h4 Bh6 18. Ne2 Qg4 19. Qf3 fxg3 20.
fxg3 Qxf3 21. Bxf3 Be3+ 22. Kg2 g5 23. hxg5 Bxg5 24.
c5 Ng6 25. Ba3 Rfd8 26. Nc3 b5 27. cxb6 cxb6 28. Bc1 Bxc1 29. Raxc1 b5 30. a4 bxa4 31. Nxa4 Rab8 32. Rc6 Rxb3 33. Bd1 Rb1 34. Rxf6 Rxd1 35.
Rfxd6 Rxd6 36. Rxd6 a5 37. Ra6 Rd4 38. Nc5 a4 39. Rxa4 Rxa4 40. Nxa4 Kf7 41. Nb6 Ke7 42. Nc4 Kf6 43. Kf3 Nf8 44. Nb6 h5 45. Ke3 Ng6 46.
Kd3 Ke7 47. Kc4 Nf4 48. Kc5 Ne2 49. d6+ Kd8 50. Kd5 Nxg3 51. Kxe5 h4 52. Kf4 Nh5+ 53. Kf3 Ng3 54. e5 Nf5 55. Kg4 Nd4 56. Nc4 Nf5 57. Nd2 Nd4 58. Ne4 Kd7 59. Nc5+ Kc6 60. Nd3 Kd7 61. Nf4 Nc6 62. Kf5 Nd4+ 63. Kf6 Nc6 64. Nh3 Nd4 65. Ng5 Nc6 66. Kf5 Nd4+ 67. Ke4 Nc6 68. Kd5 Nd8 69. e6+ Nxe6 70. Nxe6 h3 71.
Nc5+ Kd8 72. Ne4 h2 73. Nf2 1-0

[Event "GrandPrix_29.05"]
[Site "Chess.com"]
[Date "2020.05.29"]
[Round "2"]
[White "Shahinyan_ChessMood"]
[Black "BlackBoarder"]
[Result "1/2-1/2"]
[WhiteElo "2056"]
[BlackElo "2172"]
[TimeControl "600+2"]
[EndTime "9:58:33 PDT"]
[Termination "Game drawn - insufficient material"]

1. e4 e6 2. d4 d5 3. Bd3 dxe4 4.
Bxe4 Nf6 5. Bf3 Bd6 6. Ne2 Nbd7 7. O-O e5 8. Nbc3 O-O 9. Re1 exd4 10. Nxd4 Ne5 11. Bg5 h6 12. Bh4 c6 13. Bxf6 Qxf6 14. Ne4 Qe7 15. Nxc6 Nxf3+ 16. gxf3 Bxh2+ 17. Kxh2 bxc6 18.
Qd6 Qh4+ 19. Kg1 Bf5 20. Qg3 Qxg3+ 21. fxg3 Rad8 22. Rad1 Bxe4 23. fxe4 Rfe8 24. Rxd8 Rxd8 25. Re2 Kf8 26. Kf2 Ke7 27. Ke3 Ke6 28. Rh2 Rd1 29.
a4 Re1+ 30. Kf3 f6 31. Rh5 Rc1 32. Rc5 Kd6 33. b4 Ra1 34. Ra5 Rb1 35. Rxa7 Rxb4 36. a5 g5 37. a6 Ra4 38. Kg4 Rxe4+ 39. Kf5 Re3 40. g4 Rf3+ 41. Kg6 Rf4 42. Kh5 f5 43. Ra8 Kc7 44. a7 Kb7 45. Rf8 Kxa7 46. Rxf5 Rc4 47. Rf2 Kb6 48. Rg2 Rc5 49. Kxh6 Re5 50. Kg6 Kc5 51.
Kf6 Rd5 52. Rf2 Kc4 53. Rf5 Rd2 54. Kxg5 Rxc2 55. Kf6 Ra2 56. g5 Ra8 57. g6 c5 58. g7 Kd4 59. Rg5 c4 60. g8=Q Rxg8 61. Rxg8 c3 62. Rg2 Kd3 63. Ke5 c2 64. Rg3+ Kd2 65.
Rg2+ Kd3 66. Rxc2 Kxc2 1/2-1/2

[Event "GrandPrix_29.05"]
[Site "Chess.com"]
[Date "2020.05.29"]
[Round "2"]
[White "GrishaTheChamp"]
[Black "DaviD-GevorG"]
[Result "0-1"]
[WhiteElo "2197"]
[BlackElo "1809"]
[TimeControl "600+2"]
[EndTime "9:58:35 PDT"]
[Termination "DaviD-GevorG won by resignation"]

1. d4 Nf6 2. c4 g6 3. Nc3 Bg7 4. e4 d6 5. Nf3 O-O 6. Be2 Nbd7 7. O-O e5 8. Re1 h6 9. Bf1 c6 10. h3 Kh7 11. Be3 Qe7 12. Qc2 Nh5 13. g3 Nhf6 14. Bg2 Ne8 15. Rad1 Nc7 16. b4 exd4 17. Nxd4 Ne5 18.
Qe2 Ne6 19. f4 Nd7 20. Nb1 a5 21. bxa5 Nec5 22. Bf2 Rxa5 23. Nb3 Ra4 24. h4 h5 25. Nxc5 Nxc5 26. e5 dxe5 27. fxe5 Bg4 28. Bf3 Bxf3 29. Qxf3 Rxa2 30. Nc3 Ra3 31. Bd4 Ne6 32. Bf2 Qb4 33. Rd3 Qxc4 34. Red1 Qg4 35. Qxg4 hxg4 36. Ne4 Rxd3 37.
Rxd3 Bxe5 38. Rb3 b5 39. Rb1 f5 40. Nd2 Kg7 41. Re1 Kf6 42. Nb3 Rd8 43. Rc1 Rd3 44. Na5 c5 45. Kg2 c4 46. Nc6 Bb2 47.
Rc2 c3 48. Be1 g5 49. hxg5+ Nxg5 50. Nb4 Rf3 51. Nd5+ Ke5 52. Nxc3 Bxc3 53. Bxc3+ Kd5 54. Bd2 Ne4 55. Bf4 b4 56. Rc1 Rc3 57. Rd1+ Kc4 58. Rd8 Rc2+ 59. Kg1 b3 60. Rc8+ Kd3 61. Rd8+ Ke2 62. Rb8 b2 63. Kg2 Nc3 64. Re8+ Kd3+ 0-1

[Event "GrandPrix_29.05"]
[Site "Chess.com"]
[Date "2020.05.29"]
[Round "2"]
[White "Alexander_Moskalenko"]
[Black "maciek_92"]
[Result "1/2-1/2"]
[WhiteElo "2188"]
[BlackElo "2409"]
[TimeControl "600+2"]
[EndTime "9:58:38 PDT"]
[Termination "Game drawn by agreement"]

1. d4 Nf6 2. c4 e6 3. g3 c5 4. Nf3 cxd4 5. Nxd4 d5 6. Bg2 e5 7. Nb3 d4 8. O-O Nc6 9. e3 d3 10. Nc3 Be6 11. Nd2 h5 12. b3 h4 13. Nde4 hxg3 14. fxg3 Nxe4 15. Bxe4 Qg5 16. Qxd3 Bc5 17. Qe2 O-O-O 18.
Bxc6 bxc6 19. Ne4 Qe7 20. Nxc5 Qxc5 21. Bb2 f6 22. Rad1 e4 23. Rxd8+ Rxd8 24. Bd4 Qg5 25. b4 Bg4 26. Qc2 Bf3 27. Rxf3 exf3 28. Qe4 Kd7 29.
a4 a6 30. Qxf3 Rb8 31. Bc5 Qe5 32. Qg4+ f5 33. Qg6 Qf6 34. Qxf6 gxf6 35. Kf2 Re8 36. Bd4 Rb8 37. Bc5 Ke6 38. Kf3 Rd8 39. Bd4 Rb8 40. Bc3 Rh8 41. h4 Rg8 42. Bd4 Rb8 43. Bc5 Ke5 44. a5 Rd8 45. Bd4+ Ke6 46. Kf4 Rb8 47. Bc5 Rg8 48. Kf3 Rb8 49. e4 Ke5 50. exf5 Kxf5 51. g4+ Ke5 52. h5 Rh8 53. Ke3 Rg8 54. Bd4+ Ke6 55.
Kf4 Rd8 56. Ke4 Rg8 57. Kf4 Rd8 58. Be3 Rd1 59. h6 Kf7 60. g5 fxg5+ 61. Kxg5 Rd3 62. Kf4 Rb3 63. Bc5 Rh3 64. Ke5 Rxh6 65. Be3 Rh4 66. Kd6 1/2-1/2

[Event "GrandPrix_29.05"]
[Site "Chess.com"]
[Date "2020.05.29"]
[Round "2"]
[White "LuckyLuka04"]
[Black "Bestromano"]
[Result "1-0"]
[WhiteElo "2237"]
[BlackElo "1691"]
[TimeControl "600+2"]
[EndTime "9:58:39 PDT"]
[Termination "LuckyLuka04 won by checkmate"]

1. d4 Nf6 2. Nf3 g6 3. c4 Bg7 4. Nc3 O-O 5. Bf4 d6 6. e3 c5 7. d5 Na6 8. Be2 Nc7 9. h3 a6 10. a4 Rb8 11. O-O Nd7 12. e4 Bxc3 13.
bxc3 b5 14. axb5 axb5 15. e5 Nb6 16. exd6 exd6 17. Bh6 Re8 18. cxb5 Ncxd5 19. Qd2 Qf6 20. c4 Nb4 21. Bg5 Qe6 22. Rfe1 Bb7 23. Bf4 Nxc4 24. Bxc4 Qxc4 25. Qxd6 Red8 26. Ne5 Qxf4 27. Qxc5 Rbc8 28. Qe7 Nc2 29. Qxb7 Nxa1 30. Nc6 Rb8 31. Nxb8 Rxb8 32.
Qd5 Nc2 33. Rd1 Nb4 34. Qc5 Na2 35. b6 Qa4 36. Rb1 Nc3 37. Qxc3 Qa6 38. Qc7 Rb7 39. Qc8+ Kg7 40. Qc3+ Kg8 41. Qd4 Qa8 42. Rc1 Qb8 43. Rc6 Qe8 44. Qc3 Rb8 45. b7 Rxb7 46. Rc8 Re7 47. Rxe8+ Rxe8 48. Qf6 Re6 49. Qd8+ Kg7 50. h4 h6 51. g3 h5 52. Kg2 Re4 53. Qd5 Re6 54.
Qd4+ Kg8 55. f3 Re8 56. g4 hxg4 57. Qxg4 Re6 58. h5 Kg7 59. Qg5 Re8 60. f4 Rh8 61. hxg6 fxg6 62. Qe7+ Kh6 63. Kg3 Rg8 64. Kg4 Rh8 65.
Qf7 Rd8 66. Qf6 Rh8 67. Qxh8# 1-0

[Event "GrandPrix_29.05"]
[Site "Chess.com"]
[Date "2020.05.29"]
[Round "2"]
[White "Kiril1965"]
[Black "Igor_Lysyj"]
[Result "1-0"]
[WhiteElo "2256"]
[BlackElo "2160"]
[TimeControl "600+2"]
[EndTime "9:58:40 PDT"]
[Termination "Kiril1965 won by resignation"]

1. d4 Nf6 2. Nf3 d5 3. c4 e6 4. Nc3 dxc4 5. e3 a6 6. a4 c5 7. Bxc4 Nc6 8. O-O Be7 9. dxc5 O-O 10. Qe2 Qc7 11. Bd3 Bxc5 12. Ne4 Be7 13. Bd2 Nd5 14. Rfc1 Bd7 15. Nc5 Be8 16. Rab1 Qb6 17. e4 Ndb4 18. Be3 Nxd3 19. Qxd3 Qd8 20. Qe2 b6 21. Nd3 Qb8 22.
b4 Qb7 23. a5 bxa5 24. bxa5 Qd7 25. Bb6 f6 26. Rd1 Qc8 27. Rbc1 Qb7 28. Nc5 Bxc5 29. Rxc5 Bf7 30. Rd6 Rac8 31. h3 e5 32. Qd2 Nb8 33. Rxc8 Qxc8 34. Kh2 Nc6 35. Nh4 Be6 36. Qc3 Ne7 37.
Qxc8 Bxc8 38. Bc5 Re8 39. Nf3 Ng6 40. Nd2 Kf7 41. Nc4 Be6 42. Nb6 Rb8 43. Rc6 Rb7 44. g3 Ne7 45. Bxe7 Kxe7 46. Nd5+ Bxd5 47. exd5 Rd7 48. Rxa6 Rxd5 49. Ra7+ Kf8 50. a6 Ra5 51. g4 Ra3 52. h4 h6 53. h5 Kg8 54. Kg2 Ra4 55.
Kf3 Kh7 56. Kg3 Ra3+ 57. Kg2 Ra4 58. f3 Ra2+ 59. Kg3 Ra3 60. Kf2 Ra1 61. Ke3 Ra4 62.
Ra8 Ra5 63. Ke4 Ra3 64. Kd5 Rxf3 65. Rb8 Ra3 66. Rb6 Ra4 67. Kc6 e4 68. Kb7 e3 69.
a7 g6 70. Rxf6 gxh5 71. gxh5 1-0

[Event "GrandPrix_29.05"]
[Site "Chess.com"]
[Date "2020.05.29"]
[Round "2"]
[White "bratkoo"]
[Black "Hrant_ChessMood"]
[Result "0-1"]
[WhiteElo "2264"]
[BlackElo "2744"]
[TimeControl "600+2"]
[EndTime "9:58:42 PDT"]
[Termination "Hrant_ChessMood won by resignation"]

1. e4 c6 2. d4 d5 3. Nc3 dxe4 4.
Nxe4 Nf6 5. Nxf6+ exf6 6. Nf3 Bd6 7. Bd3 O-O 8. O-O Bg4 9. h3 Bh5 10. c3 Re8 11. g4 Bg6 12. Nh4 Bxd3 13. Qxd3 g6 14.
Be3 Nd7 15. Nf3 Nc5 16. Qc2 Ne6 17. Rae1 Bc7 18. Kg2 Qd6 19. Rh1 b5 20. c4 bxc4 21.
Qxc4 Rac8 22. Rd1 Bb6 23. Rd2 Nc7 24. a3 Nd5 25. Rd3 Re6 26. Qc1 Rce8 27. Qd2 Re4 28.
Rc1 Qe6 29. Nh2 Nxe3+ 30. fxe3 Rxe3 31. Rxe3 Qxe3 32. Qxe3 Rxe3 33. Nf3 Re2+ 34. Kf1 Rxb2 35. Rxc6 Kg7 36. Rc3 Kf8 37. Re3 Ra2 38. Ke1 Bc7 39. d5 Bd6 40. Rc3 Rxa3 41. Rc8+ Kg7 42. Ke2 Ra5 43. Ra8 Ra2+ 44. Kd3 Ra3+ 45. Ke2 Bc5 46. Re8 a5 47. h4 a4 48. g5 Rb3 49. gxf6+ Kxf6 50. Ng5 Bb6 51. Ra8 a3 52. d6 h6 53.
Ne4+ Ke5 54. Nd2 Re3+ 55. Kd1 Rc3 56. d7 Rd3 57. Ke2 Rxd7 58. Nc4+ Kf4 59. Nxb6 Rb7 60. Nd5+ Ke5 61. Ne3 Rb2+ 62. Kf3 Rb3 63. Ra5+ Kd4 64. Ra4+ Kd3 65. Kf4 g5+ 66. hxg5 hxg5+ 67. Kf3 Kd2 68. Rd4+ Rd3 69. Rxd3+ Kxd3 70. Nd5 f5 71. Kf2 Kc4 72.
Ne3+ Kb3 73. Nxf5 a2 74. Nd4+ Kb2 0-1

[Event "GrandPrix_29.05"]
[Site "Chess.com"]
[Date "2020.05.29"]
[Round "2"]
[White "Kostya_Nikologorskiy"]
[Black "Magicmaster17"]
[Result "1/2-1/2"]
[WhiteElo "2257"]
[BlackElo "2128"]
[TimeControl "600+2"]
[EndTime "9:58:43 PDT"]
[Termination "Game drawn by agreement"]

1. d4 Nf6 2. Bf4 g6 3. Nc3 d5 4. Qd2 Bg7 5. Bh6 O-O 6. Bxg7 Kxg7 7. O-O-O Nc6 8. h4 h5 9. f3 e5 10. dxe5 Nxe5 11. Nxd5 Qxd5 12. Qxd5 Nxd5 13. Rxd5 Nc4 14.
Rd3 Ne5 15. Rd1 Re8 16. e4 f5 17. exf5 Bxf5 18. Ne2 Nc4 19. Nd4 Ne3 20. Nxf5+ gxf5 21. Rd7+ Kf6 22. Rxc7 Rac8 23. Rxc8 Rxc8 24. Kd2 f4 25. c3 Rd8+ 26. Bd3 Nxg2 27. Ke2 b6 28. Be4 Rd7 29. a4 Rg7 30. a5 Ne3 31. b3 Ke5 32. axb6 axb6 33.
Ra1 Rc7 34. Kd2 Rd7+ 35. Bd3 Rg7 36. Ra6 Rg2+ 37. Be2 Nf1+ 38. Kd3 Ng3 39. Bd1 Nf1 40. Be2 Ng3 41. Ra8 Nxe2 42. Re8+ Kf5 43. Rxe2 Rg3 44.
Rf2 Rh3 45. c4 Rxh4 46. b4 Rh1 47. c5 bxc5 48. bxc5 Ke5 49. Kc4 h4 50. Re2+ Kf6 51. c6 h3 52. Rc2 Ke7 53. Kc5 Kd8 54. Rd2+ Kc8 55. Re2 Rf1 56. Kd6 Rd1+ 57. Ke5 Rg1 58. Rh2 Kc7 59. Rxh3 Kxc6 60. Rh6+ Kd7 61. Rh7+ Ke8 62.
Kxf4 Ra1 63. Kg4 Kf8 64. f4 Ra5 65. f5 Ra6 66. Kg5 Rb6 1/2-1/2

[Event "GrandPrix_29.05"]
[Site "Chess.com"]
[Date "2020.05.29"]
[Round "2"]
[White "Alex_Molchanov"]
[Black "Benjoneliere44"]
[Result "1-0"]
[WhiteElo "2123"]
[BlackElo "1383"]
[TimeControl "600+2"]
[EndTime "9:58:44 PDT"]
[Termination "Alex_Molchanov won by resignation"]

1. d4 d6 2. Nf3 Nf6 3. g3 g6 4. Bg2 Bg7 5. O-O O-O 6. b3 a5 7.
Bb2 a4 8. c4 axb3 9. axb3 Rxa1 10. Bxa1 Ne4 11. Nfd2 Nxd2 12. Qxd2 c5 13. Na3 Nc6 14. Nb5 cxd4 15. Nxd4 Qb6 16. Nb5 Qa5 17. Qxa5 Nxa5 18. Bxg7 Kxg7 19. Rb1 Bf5 20. Rb2 b6 21.
Nc3 Rb8 22. Nd5 Kf8 23. Nc7 Bd7 24. f4 e6 25. Kf2 Ke7 26. Nb5 d5 27. Na3 dxc4 28.
Nxc4 Nxc4 29. bxc4 Kd6 30. Ke3 Kc5 31. Kd3 Rd8 32.
Kc3 Be8 33. Ra2 Rd4 34. Ra8 Rxc4+ 35. Kb3 Bd7 36. Ra7 Rd4 37. Kc3 Rd1 38. e4 b5 39. e5 b4+ 40. Kc2 Rd4 41. Rc7+ Kb6 42. Rb7+ Ka6 43. Kb3 Rd2 44. Be4 Rd4 45. Bg2 Bb5 46.
Rxf7 Rd2 47. Bh3 Ka5 48. Ra7+ Kb6 49. Re7 Kc5 50. Rc7+ Bc6 51. Bxe6 Rd3+ 52. Kc2 Rc3+ 53. Kb2 Kb6 54. Rc8 Rf3 55. Rb8+ Kc5 56. Rc8 Rf2+ 57.
Kb3 Rf3+ 58. Kc2 Rf2+ 59. Kd3 Kb6 60. Rb8+ Kc5 61. Rc8 Kb6 62. Bf7 Rxh2 63. e6 b3 64.
e7 Bb5+ 65. Kc3 b2 66. Rb8+ Ka6 67. Rxb5 Kxb5 68. e8=Q+ 1-0

[Event "GrandPrix_29.05"]
[Site "Chess.com"]
[Date "2020.05.29"]
[Round "2"]
[White "matej2221"]
[Black "WoodlandMagic"]
[Result "1-0"]
[WhiteElo "2015"]
[BlackElo "2101"]
[TimeControl "600+2"]
[EndTime "9:58:45 PDT"]
[Termination "matej2221 won on time"]

1. e4 e5 2. Nf3 Nc6 3. d4 exd4 4.
Nxd4 Bc5 5. Nb3 Bb6 6. Nc3 Nge7 7. Qe2 d6 8. Be3 O-O 9. O-O-O f5 10. f4 fxe4 11.
Bxb6 axb6 12. Qxe4 Bf5 13. Bc4+ Kh8 14. Qf3 Qd7 15.
h3 Nb4 16. Nd4 d5 17. a3 dxc4 18. axb4 Ra1+ 19. Nb1 Qa4 20. Nxf5 Nxf5 21. Qe4 Nd6 22. Qe5 Ra8 23. c3 Qa2 24. Kc2 Qb3+ 25. Kc1 R8a2 26. Qe2 Qa4 27. Qc2 Rxb1+ 28. Qxb1 Ra1 29. Rhe1 h6 30.
g4 Rxb1+ 31. Kxb1 Kh7 32. f5 Qc6 33. Re7 Qf3 34. Rde1 Kg8 35. R1e3 Qd1+ 36. Ka2 Qa4+ 37. Kb1 Qd1+ 38. Ka2 Qd5 39. Rxc7 Ne4 40. h4 Nd2 41. Re8+ Kh7 42. Ree7 Qd3 43. Rxg7+ Kh8 44. Rh7+ Kg8 45. Rhg7+ Kf8 46. Rgf7+ Ke8 47. Rce7+ Kd8 48. Re1 Qc2 49.
Rf8+ Kd7 50. Ra8 Qb3+ 51. Ka1 Qc2 52. Ra7 Kc6 53. Re6+ Kd5 54. Re1 h5 55. gxh5 Qxf5 56. Rxb7 Qc2 57. Ra7 Nb3+ 58. Ka2 Nc1+ 59. Ka1 Nd3 60.
Rb1 Nc1 61. h6 Kc6 62. h7 Nb3+ 63. Ka2 Nd2 64. Rg1 1-0

[Event "GrandPrix_29.05"]
[Site "Chess.com"]
[Date "2020.05.29"]
[Round "2"]
[White "arminmusovic"]
[Black "KruHor"]
[Result "0-1"]
[WhiteElo "2293"]
[BlackElo "2697"]
[TimeControl "600+2"]
[EndTime "9:58:47 PDT"]
[Termination "KruHor won by resignation"]

1. a3 Nf6 2. Nc3 g6 3. e4 d6 4. d4 Bg7 5. Bg5 h6 6. Bh4 Nbd7 7. f4 e5 8. dxe5 dxe5 9. fxe5 Nxe5 10. Qxd8+ Kxd8 11.
O-O-O+ Bd7 12. Nf3 Nxf3 13. gxf3 g5 14. Bg3 Kc8 15.
Nb5 Nh5 16. Bf2 Bxb5 17. Bxb5 Be5 18. Bc4 f6 19. Be6+ Kb8 20. Rd7 Nf4 21. Bc4 a6 22. Rhd1 b5 23. Bf1 Kb7 24. c4 bxc4 25. Bxc4 a5 26. Be3 Rab8 27. Bb5 h5 28. a4 h4 29. R1d2 Rhe8 30. Kb1 Re6 31. Rc2 Rbe8 32. Bc5 Rh8 33.
Be3 h3 34. Bf2 Rhe8 35. Rh7 R8e7 36. Rh8 Rg7 37. Rd8 c6 38. Ba6+ Kc7 39. Rc8+ Kd7 40. R8xc6 Rxc6 41. Bb5 Ke7 42. Bxc6 Ng2 43. Bc5+ Kf7 44. Bg1 Kg6 45. b4 axb4 46. a5 b3 47. Rc5 Bb8 48. Be8+ Kh6 49. Rc8 Ba7 50. Bc5 Bxc5 51. Rxc5 Nh4 52. Bc6 Nxf3 53. a6 Nxh2 54. Bb7 Nf1 55. a7 h2 56. e5 Rxb7 57. a8=Q Nd2+ 58.
Kb2 h1=Q 59. Qh8+ Rh7 60. Qxf6+ Kh5 61. Rc1 Qe4 62. Qf2 Nc4+ 63. Rxc4 Qxc4 64. Qh2+ Kg6 65. Qd2 Qc2+ 66. Qxc2+ bxc2 67. e6 Re7 0-1